 Dungeon Crawl Stone Soup version 0.24-a0-275-g6f7e2cb4ba (webtiles) character file.

Game seed: 18214814538459971923

263657 Redear the Earth Mage (level 18, -3/189 HPs)
             Began as a Demigod Earth Elementalist on Apr 27, 2019.
             Shot with a bolt by a yaktaur captain (17 damage)
             ... on level 2 of the Vaults on Apr 28, 2019.
             The game lasted 04:54:46 (57590 turns).

Redear the Earth Mage (Demigod Earth Elementalist) Turns: 57590, Time: 04:54:47

Health: -3/189     AC: 27    Str: 15    XL:     18   Next: 55%
Magic:  8/37       EV: 19    Int: 27    God:
Gold:   2596       SH:  6    Dex: 16    Spells: 3/36 levels left

rFire    + . .     SeeInvis +   b - +9 mace of Visoit {crush, +Rage SInv}
rCold    + . .     Gourm    +   F - +0 buckler
rNeg     + . .     Faith    .   (armour currently unavailable)
rPois    ∞         Spirit   .   X - +0 hat {SInv} {SInv}
rElec    +         Reflect  .   G - scarf {rC+ rF+}
rCorr    .         Harm     .   (gloves currently unavailable)
MR       +++..                  (boots currently unavailable)
Stlth    ++........             o - amulet of the gourmand {Gourm}
HPRegen  0.41/turn              S - ring of protection from magic {MR+}
MPRegen  0.25/turn              r - ring of wizardry {Wiz+}

@: statue-form, very slightly contaminated, very slow
A: high mp 1, magic resistance 1, wild magic 1, MP-powered wands
}: 2/15 runes: barnacled, gossamer
a: End Transformation, Evoke Berserk Rage


You were on level 2 of the Vaults.
You were very full.
You were a stone statue.
You visited 6 branches of the dungeon, and saw 33 of its levels.
You also visited: Ice Cave.

You collected 3856 gold pieces.
You spent 1260 gold pieces at shops.

Inventory:

Hand Weapons
 b - the +9 mace of Visoit (weapon) {crush, +Rage SInv}
   (You took it off a deep elf annihilator on level 1 of the Vaults)

   It inflicts extra damage upon your enemies.
   It lets you see invisible.
   It lets you go berserk.
 q - the +5 flail of Bifikadu {crush, Str+2 Int+3 Stlth+}
   (You took it off an orc wizard on level 15 of the Dungeon)

   It inflicts extra damage upon your enemies.
   It affects your strength (+2).
   It affects your intelligence (+3).
   It makes you more stealthy.
Missiles
 Z - 4 throwing nets (quivered) {+f}
Armour
 F - a +0 buckler (worn)
 G - a scarf of resistance (worn)
 P - the +5 ring mail of the Dungeon (melded) {rF+ Stlth+}
   (You found it on level 10 of the Dungeon)

   It protects you from fire.
   It makes you more stealthy.
 V - a +0 pair of boots (melded)
 W - a +0 pair of gloves (melded)
 X - a +0 hat of see invisible (worn) {SInv}
Magical Staves
 a - an uncursed staff of power {MP+15}
Jewellery
 c - an uncursed ring of protection from cold {rC+}
 d - a +3 amulet of reflection
 f - an uncursed ring of protection from fire {rF+}
 g - an uncursed ring of resist corrosion
 i - an uncursed ring of poison resistance {rPois}
 j - an uncursed amulet of rage {unknown}
 o - an amulet of the gourmand (around neck) {Gourm}
 p - an uncursed amulet of magic regeneration
 r - a ring of wizardry (right hand) {Wiz+}
 S - a ring of protection from magic (left hand) {MR+}
Wands
 D - a wand of digging (6)
 E - a wand of enslavement (10)
 I - a wand of iceblast (41)
 O - a wand of clouds (3)
Scrolls
 h - a scroll of enchant weapon
 k - 7 scrolls of enchant armour
 m - 2 scrolls of silence
 s - a scroll of summoning
 t - 7 scrolls of amnesia
 w - 6 scrolls of fog
 x - 3 scrolls of vulnerability
 y - 3 scrolls of fear
 B - a scroll of blinking {@r4}
 M - 8 scrolls of magic mapping
 N - 12 scrolls of remove curse {@r2}
 R - 7 scrolls of identify {@r1}
 T - 14 scrolls of teleportation {@r3}
Potions
 e - a potion of invisibility
 l - 4 potions of flight
 n - 5 potions of agility {Stlth+ Dex+5 EV+5 | @q4}
 u - 4 potions of magic
 v - a potion of mutation {!q}
 A - 3 potions of ambrosia
 C - 5 potions of might {Str+5 DMG+1d10 | @q3}
 H - 5 potions of haste {@q5}
 J - 5 potions of lignification
 K - 3 potions of cancellation
 L - a potion of berserk rage
 Q - 4 potions of curing {@q2}
Comestibles
 z - 10 rations
 U - 4 chunks of flesh


   Skills:
 + Level 9.4 Fighting
 + Level 11.4 Maces & Flails
 + Level 9.4 Armour
 + Level 9.6 Dodging
 - Level 1.7 Stealth
 + Level 8.2 Shields
 - Level 9.8 Spellcasting
 - Level 11.8 Conjurations
 - Level 6.1 Summonings
 - Level 3.0 Translocations
 - Level 0.8 Transmutations
 - Level 9.8 Fire Magic
 - Level 6.0 Air Magic
 - Level 15.5 Earth Magic


You had 3 spell levels left.
You knew the following spells:

 Your Spells              Type           Power        Failure   Level  Hunger
a - Stone Arrow           Conj/Erth      ######       1%          3    None
b - Blink                 Tloc           N/A          1%          2    None
e - Fireball              Conj/Fire      #######...   1%          5    ####...
j - Conjure Flame         Conj/Fire      #######.     1%          3    None
l - Lee's Rapid Deconstr  Erth           #######...   1%          5    ####...
w - Bolt of Magma         Conj/Fire/Erth #######...   1%          5    ####...
L - Summon Lightning Spi  Summ/Air       ######..     2%          4    None
Y - Statue Form           Tmut/Erth      ######...    13%         6    #####..

Your spell library contained the following spells:

 Spells                   Type           Power        Failure   Level  Hunger
 Apportation              Tloc           #####.       1%          1    None
 Flame Tongue             Conj/Fire      #####        1%          1    None
 Magic Dart               Conj           ####         1%          1    None
 Sandblast                Erth           ######       1%          1    None
 Summon Butterflies       Summ           ######..     1%          1    None
 Summon Small Mammal      Summ           ####         1%          1    None
 Passwall                 Tmut/Erth      ######..     1%          2    None
 Poisonous Vapours        Pois/Air       #####.       1%          2    None
 Searing Ray              Conj           ######       1%          2    None
 Throw Flame              Conj/Fire      ######       1%          2    None
 Throw Frost              Conj/Ice       ######       1%          2    None
 Dazzling Spray           Conj/Hex       ######       1%          3    None
 Inner Flame              Hex/Fire       ######..     1%          3    None
 Mephitic Cloud           Conj/Pois/Air  ######..     1%          3    None
 Animate Skeleton         Necr           N/A          2%          1    None
 Confusing Touch          Hex            ###...       2%          1    None
 Corona                   Hex            ###....      2%          1    None
 Freeze                   Ice            ###.         2%          1    None
 Gell's Gravitas          Tloc           #####.....   2%          3    None
 Ignite Poison            Fire/Tmut/Pois #####...     2%          3    None
 Lesser Beckoning         Tloc           #####.....   2%          3    None
 Ensorcelled Hibernation  Hex/Ice        ###...       4%          2    None
 Confuse                  Hex            ###.....     8%          3    None
 Ozocubu's Armour         Chrm/Ice       ###.....     8%          3    None
 Tukima's Dance           Hex            ###.....     8%          3    None
 Force Lance              Conj/Tloc      ######..     1%          4    None
 Iskenderun's Mystic Bla  Conj           #######.     1%          4    None
 Leda's Liquefaction      Hex/Erth       ######....   1%          4    None
 Petrify                  Tmut/Erth      ######..     1%          4    None
 Sticky Flame             Conj/Fire      #######.     1%          4    None
 Iron Shot                Conj/Erth      #######...   1%          6    #####..
 Fulminant Prism          Conj/Hex       ######....   2%          4    None
 Throw Icicle             Conj/Ice       ######..     2%          4    None
 Bolt of Fire             Conj/Fire      #######...   4%          6    #####..
 Iskenderun's Battlesphe  Conj/Chrm      ######..     6%          5    ####...
 Venom Bolt               Conj/Pois      ######....   6%          5    ####...
 Passage of Golubria      Tloc           N/A          7%          4    None
 Summon Ice Beast         Ice/Summ       #####...     7%          4    None
 Conjure Ball Lightning   Conj/Air       ######....   10%         6    #####..
 Orb of Destruction       Conj           #######...   16%         7    #######
 Silence                  Hex/Air        #####.....   19%         5    ####...
 Ice Form                 Ice/Tmut       ###.....     21%         4    None
 Freezing Cloud           Conj/Ice/Air   ######....   28%         6    #####..
 Bolt of Cold             Conj/Ice       ######....   30%         6    #####..
 Spellforged Servitor     Conj/Summ      ######....   41%         7    #######
 Alistair's Intoxication  Tmut/Pois      ###.....     45%         5    ####...
 Yara's Violent Unravell  Hex/Tmut       ###.......   45%         5    ####...
 Metabolic Englaciation   Hex/Ice        ###.......   50%         5    ####...
 Dispersal                Tloc           #####.....   63%         6    #####..
 Deflect Missiles         Chrm/Air       #####.....   65%         6    #####..
 Ring of Flames           Chrm/Fire      ######....   89%         7    #######
 Ignition                 Fire           ######....   90%         8    #######
 Invisibility             Hex            ###.....     95%         6    #####..
 Ozocubu's Refrigeration  Ice            ###.......   95%         6    #####..
 Simulacrum               Ice/Necr       ###.......   95%         6    #####..
 Shatter                  Erth           #######...   96%         9    #######
 Tornado                  Air            ######....   100%        9    #######


Dungeon Overview and Level Annotations

Branches:
Dungeon (15/15)            Temple (0/1) D:4            Lair (6/6) D:9
 Shoals (4/4) Lair:3       Spider (4/4) Lair:2        Slime (0/5) Lair:6
    Orc (2/2) D:11            Elf (0/3) Orc:2        Vaults (1/5) D:14
  Crypt (0/3) Vaults:2     Depths (0/5) D:15

Shops:
D:13 }   Orc:2 *[:*

Annotations:
D:11 2 transporters, P0WERM0DE's ghost, novice DDFi
Lair:1 2 transporters, dleb1993's ghost, journeyman MiGl
Shoals:1 3 runed translucent doors, Iphiug Qeph's ghost, adept GrFi


Innate Abilities, Weirdness & Mutations

You have an increased reservoir of magic. (+10% MP)
((You are partially covered in icy blue scales. (AC +2)))
You are resistant to hostile enchantments. (MR+)
Your spells are a little harder to cast, but a little more powerful.
You expend magic power (3 MP) to strengthen your wands.


Message History

Here: a yaktaur captain, wielding a +0 arbalest (heavily wounded)
The floor.
Unknown command.
Unknown command.
Okay, then.
Okay, then.
Unknown command.
You feel much better.
The yaktaur captain shoots a bolt.
The bolt hits you!
* * * LOW HITPOINT WARNING * * *
Unknown command.
Unknown command.
Blink to where?
Press: ? - help, Dir - move target cursor You are very lightly contaminated with residual magic.
As you read the scroll of blinking {@r4}, it crumbles to dust.
Okay, then.
As you read the scroll of fog, it crumbles to dust.
The scroll dissolves into smoke.
The yaktaur captain shoots a bolt.
The bolt hits you!
You die...

#+######
##########......#
#...§....#......+
#....§§§.#......#
#...§§8§.#......#
#....§§§.#......#
#........#......#
#........#.[....#
#........#......#
#........)......#
#......))#......#
#.......(#.c>...#
#........####'######


You could see a yaktaur captain.

Vanquished Creatures
  A bone dragon (Vaults:2)
  Rupert (Lair:4)
  Gastronok (Lair:3)
  Polyphemus (Shoals:4)
  Agnes (D:15)
  Kirke (D:13)
  A deep elf sorcerer (Vaults:1)
  A fire giant (D:15)
  A fire giant (shapeshifter) (D:14)
  4 ghost moths (Spider:4)
  An orc warlord (Orc:1)
  Louise (D:14)
  7 emperor scorpions
  3 ironheart preservers (Vaults:1)
  6 entropy weavers
  Azrael (D:14)
  A deep elf annihilator (Vaults:1)
  A dire elephant (Lair:6)
  3 spark wasps (Spider:4)
  3 merfolk javelineers
  3 merfolk impalers
  An ogre mage (D:14)
  2 yaktaur captains (Vaults:1)
  2 fire dragons
  An ice dragon (Vaults:1)
  11 hydras
  A great orb of eyes (Vaults:1)
  Erolcha (Orc:2)
  A catoblepas (Shoals:4)
  3 merfolk avatars
  2 alligator snapping turtles (Shoals:4)
  A vault guard (Vaults:1)
  15 centaur warriors
  4 merfolk aquamancers
  A satyr (Shoals:3)
  10 two-headed ogres
  A queen ant (shapeshifter) (D:14)
  4 death yaks
  A queen ant (Spider:3)
  A deep troll earth mage (Vaults:1)
  An orc high priest (Orc:2)
  2 deep elf knights
  A shock serpent (shapeshifter) (Vaults:1)
  3 skeletal warriors
  8 sea snakes
  3 wizards
  4 orange crystal statues (Orc:1)
  3 deep trolls
  3 unseen horrors
  3 lindwurms (Lair:6)
  A deep elf archer (D:14)
  11 orc knights
  2 ironbrand convokers (Vaults:1)
  17 harpies
  15 manticores
  A necromancer (IceCv)
  14 orb spiders
  5 deep elf magi
  36 wolf spiders
  13 ugly things
  7 orc sorcerers
  6 oklob plants
  6 cyclopes
  A moth of wrath (Spider:3)
  10 fauns
  14 merfolk sirens
  12 elephants
  A centaur zombie (D:11)
  4 vault sentinels (Vaults:1)
  An ice statue (IceCv)
  9 water nymphs
  A torpor snail (shapeshifter) (D:15)
  5 black mambas
  2 centaur skeletons
  A gargoyle (D:15)
  13 spiny frogs
  A kobold demonologist (D:15)
  7 komodo dragons
  3 rime drakes (Lair:6)
  14 freezing wraiths
  A yaktaur (D:14)
  An efreet (D:12)
  17 demonic crawlers
  A yaktaur (shapeshifter) (Vaults:1)
  2 tengu conjurers (D:14)
  4 trolls
  22 merfolk
  5 wind drakes
  39 jumping spiders
  2 meliai
  19 hornets
  10 polar bears
  Prince Ribbit (D:9)
  A harpy skeleton (D:15)
  A raiju (Lair:6)
  9 dream sheep
  15 slime creatures
  10 hippogriffs
  3 snapping turtles
  A meliai zombie (D:14)
  7 blink frogs
  72 redbacks
  41 yaks
  18 tarantellas
  A wraith (D:14)
  A wyvern (D:10)
  2 shadows
  Eustachio (D:5)
  A human (D:9)
  8 hogs
  7 water elementals
  2 basilisks
  5 fire elementals
  5 hungry ghosts
  2 steam dragons
  A vampire mosquito (D:14)
  Menkaure (D:5)
  A death yak simulacrum (IceCv)
  10 wargs
  20 soldier ants (Spider:3)
  10 water moccasins
  4 porcupines
  10 ice beasts
  17 hell hounds
  12 black bears
  A necrophage (D:13)
  An alligator simulacrum (IceCv)
  31 orc warriors
  2 phantoms
  3 sky beasts
  16 centaurs
  11 ogres
  4 boggarts
  13 crocodiles
  14 wolves (Lair:6)
  10 big kobolds
  15 bullfrogs
  A wyvern zombie (D:13)
  6 scorpions
  6 killer bees
  A swamp dragon simulacrum (IceCv)
  18 wights
  3 electric eels
  4 howler monkeys
  4 crimson imps
  4 jellies
  4 draconian simulacra (IceCv)
  8 hounds
  24 orc priests
  4 iguanas
  Terence (D:3)
  26 orc wizards
  Ijyb (D:3)
  35 worker ants
  A polar bear simulacrum (IceCv)
  6 troll simulacra (IceCv)
  3 centaur simulacra
  Robin (D:2)
  13 gnolls
  A howler monkey skeleton (D:9)
  5 naga simulacra (IceCv)
  3 ogre simulacra (IceCv)
  11 adders
  3 shadow imps
  12 white imps (IceCv)
  3 adder skeletons
  An adder zombie (D:9)
  7 worms
  A dart slug (D:4)
  2 leopard geckos
  78 orcs
  6 bats
  10 giant cockroaches
  12 goblins
  11 hobgoblins
  8 jackals
  7 quokkas
  4 frilled lizards
  65 kobolds
  A leopard gecko skeleton (D:4)
  4 rats
  A butterfly (Lair:3)
  A fungus (Lair:2)
  A plant (Lair:3)
1346 creatures vanquished.

Vanquished Creatures (collateral kills)
  A vault warden (Vaults:1)
  An ironheart preserver (Vaults:1)
  2 merfolk impalers (Shoals:4)
  A merfolk avatar (Shoals:3)
  A satyr (Shoals:2)
  A death yak (Shoals:4)
  An ogre mage (Vaults:1)
  2 sea snakes (Shoals:2)
  9 harpies
  2 orb spiders (Spider:4)
  2 ugly things
  2 deep elf magi (Vaults:1)
  2 fauns (Shoals:3)
  2 cyclopes (Shoals:3)
  A manticore (Shoals:4)
  5 jumping spiders
  3 merfolk (Shoals:2)
  3 hornets (Spider:4)
  2 snapping turtles (Shoals:4)
  4 dream sheep (Shoals:3)
  A hippogriff (Shoals:2)
  5 redbacks
  A water elemental (Shoals:3)
  5 soldier ants (Spider:3)
  A centaur (Vaults:1)
  An orc priest (Vaults:1)
  2 orcs (Vaults:2)
  A plant (Shoals:4)
64 creatures vanquished.

Vanquished Creatures (others)
  A two-headed ogre (D:14)
  A manticore (Shoals:4)
  5 dream sheep (D:9)
  An orc warrior (Vaults:1)
  An eye of draining (D:14)
  An eye of draining (shapeshifter) (D:13)
  A centaur (Shoals:4)
  2 orcs (Orc:2)
  3 fungi
  22 plants
38 creatures vanquished.

Grand Total: 1448 creatures vanquished

Notes
Turn   | Place    | Note
-------+----------+-------------------------------------------
     0 | D:1      | Redear the Demigod Earth Elementalist began the quest for
                  | the Orb.
     0 | D:1      | Reached XP level 1. HP: 14/14 MP: 5/5
    35 | D:1      | Reached skill level 2 in Spellcasting
   286 | D:1      | Reached skill level 3 in Earth Magic
   311 | D:1      | Reached XP level 2. HP: 16/20 MP: 2/7
   994 | D:2      | Reached XP level 3. HP: 19/26 MP: 3/9
  1174 | D:2      | Learned a level 2 spell: Passwall
  1178 | D:2      | Learned a level 3 spell: Stone Arrow
  1191 | D:2      | Found a glowing golden altar of the Shining One.
  1315 | D:2      | Found a hide-covered altar of Uskayaw.
  1317 | D:2      | Noticed a +0 dagger
  1318 | D:2      | Noticed a +0 dagger
  1516 | D:2      | Reached skill level 3 in Spellcasting
  1516 | D:2      | Reached XP level 4. HP: 33/33 MP: 8/11
  1523 | D:2      | Noticed Robin
  1558 | D:2      | Killed Robin
  1833 | D:3      | Found Zin's Purification Station.
  1833 | D:3      | Found a glowing silver altar of Zin.
  1849 | D:3      | Bought a potion of curing for 90 gold pieces
  1922 | D:3      | Noticed Terence
  1945 | D:3      | Killed Terence
  1945 | D:3      | Reached skill level 4 in Earth Magic
  2171 | D:3      | Noticed Ijyb
  2186 | D:3      | Killed Ijyb
  2255 | D:3      | Reached XP level 5. HP: 38/38 MP: 9/13
  2272 | D:3      | Found an ornate altar of the Wu Jian Council.
  2278 | D:3      | Found a sparkling altar of Nemelex Xobeh.
  3073 | D:4      | Reached skill level 4 in Spellcasting
  3080 | D:4      | Reached XP level 6. HP: 28/45 MP: 4/15
  3084 | D:4      | Reached skill level 5 in Earth Magic
  3456 | D:4      | Found a staircase to the Ecumenical Temple.
  3902 | D:4      | Reached XP level 7. HP: 44/50 MP: 4/17
  3977 | D:4      | Reached skill level 5 in Spellcasting
  4044 | D:4      | Reached skill level 6 in Earth Magic
  4427 | D:5      | Entered Level 5 of the Dungeon
  4467 | D:5      | Found a basalt altar of Yredelemnul.
  4504 | D:5      | You fall through a shaft for 2 floors!
  4604 | D:7      | Learned a level 5 spell: Lee's Rapid Deconstruction
  4617 | D:7      | Found a snail-covered altar of Cheibriados.
  4668 | D:7      | Reached skill level 7 in Earth Magic
  4672 | D:7      | Reached XP level 8. HP: 43/57 MP: 11/20
  4794 | D:7      | Reached skill level 8 in Earth Magic
  4880 | D:7      | Found a radiant altar of Vehumet.
  5680 | D:6      | Reached skill level 9 in Earth Magic
  6196 | D:5      | Noticed Menkaure
  6200 | D:5      | Killed Menkaure
  6255 | D:5      | Found a shattered altar of Ashenzari.
  6395 | D:5      | Noticed Eustachio
  6403 | D:5      | Killed Eustachio
  6665 | D:8      | Reached XP level 9. HP: 62/62 MP: 17/21
  6669 | D:8      | Reached skill level 10 in Earth Magic
  7028 | D:8      | Found a stormy altar of Qazlal.
  7280 | D:9      | Found an iron altar of Okawaru.
  7365 | D:9      | Reached skill level 11 in Earth Magic
  7620 | D:9      | Found a staircase to the Lair.
  7620 | D:9      | Noticed Prince Ribbit
  7623 | D:9      | Killed Prince Ribbit
  7644 | D:9      | Found a shimmering altar of Xom.
  7673 | D:9      | Reached skill level 12 in Earth Magic
  7799 | D:9      | Reached XP level 10. HP: 62/69 MP: 18/22
  8058 | D:10     | Entered Level 10 of the Dungeon
  8084 | D:10     | Got a fine ring mail
  8149 | D:10     | Noticed a cyan ugly thing
  8157 | D:10     | Killed a cyan ugly thing
  8206 | D:10     | Reached skill level 13 in Earth Magic
  8399 | D:10     | Noticed a two-headed ogre
  8403 | D:10     | Killed a two-headed ogre
  8846 | D:10     | Identified the +5 ring mail of the Dungeon {rF+ Stlth+}
                  | (You found it on level 10 of the Dungeon)
  8884 | D:11     | Reached skill level 14 in Earth Magic
  8898 | D:11     | Found a transporter.
  8901 | D:11     | Noticed P0WERM0DE's ghost (novice DDFi)
  8913 | D:11     | Noticed a moth of wrath
  8920 | D:11     | Found a transporter.
  8988 | D:11     | Noticed a centaur warrior
  9095 | D:11     | Killed a centaur warrior
  9095 | D:11     | Reached XP level 11. HP: 43/74 MP: 19/23
  9375 | D:11     | Reached skill level 15 in Earth Magic
  9684 | D:11     | Found a staircase to the Orcish Mines.
 10116 | D:11     | Noticed a two-headed ogre
 10129 | D:11     | Killed a two-headed ogre
 10129 | D:11     | Reached skill level 1 in Fighting
 10129 | D:11     | Reached skill level 1 in Armour
 10129 | D:11     | Reached skill level 2 in Dodging
 10562 | D:12     | Noticed a two-headed ogre
 10565 | D:12     | Killed a two-headed ogre
 10565 | D:12     | Reached skill level 2 in Armour
 10568 | D:12     | Reached skill level 2 in Fighting
 10781 | D:12     | Reached skill level 3 in Dodging
 11101 | D:12     | Noticed an orc knight
 11107 | D:12     | Killed an orc knight
 11107 | D:12     | Reached skill level 3 in Armour
 11107 | D:12     | Reached skill level 3 in Fighting
 11394 | D:13     | Noticed Kirke
 11398 | D:13     | Reached skill level 4 in Dodging
 11402 | D:13     | Killed Kirke
 11402 | D:13     | Reached skill level 4 in Fighting
 11402 | D:13     | Reached skill level 4 in Armour
 11402 | D:13     | Reached XP level 12. HP: 90/91 MP: 3/24
 11590 | D:13     | Noticed a centaur warrior
 11593 | D:13     | Killed a centaur warrior
 12182 | D:13     | Reached skill level 5 in Dodging
 12574 | D:13     | Found Zijukkih's Gadget Boutique.
 12939 | D:14     | Reached skill level 5 in Armour
 12939 | D:14     | Reached skill level 5 in Fighting
 12957 | D:14     | Reached skill level 6 in Dodging
 13076 | D:14     | Noticed Louise
 13104 | D:14     | Killed Louise
 13318 | D:14     | Reached skill level 6 in Fighting
 13318 | D:14     | Reached skill level 6 in Armour
 13586 | D:14     | Noticed a centaur warrior
 13594 | D:14     | Killed a centaur warrior
 13598 | D:14     | Noticed an ogre mage
 13850 | Lair:1   | Entered Level 1 of the Lair of Beasts
 13980 | Lair:1   | Found a transporter.
 13981 | Lair:1   | Noticed dleb1993's ghost (journeyman MiGl)
 14006 | Lair:1   | Found a transporter.
 14032 | Lair:1   | Reached skill level 1 in Shields
 14720 | Lair:2   | Found a hole to the Spider Nest.
 14724 | Lair:2   | Reached skill level 2 in Shields
 14746 | Lair:2   | Reached skill level 7 in Dodging
 14935 | Lair:2   | Noticed a six-headed hydra
 14954 | Lair:2   | Killed a six-headed hydra
 14959 | Lair:2   | Reached XP level 13. HP: 80/104 MP: 10/25
 15830 | Lair:3   | Reached skill level 7 in Fighting
 15830 | Lair:3   | Reached skill level 3 in Shields
 15837 | Lair:3   | Reached skill level 7 in Armour
 15970 | Lair:3   | Noticed Gastronok
 16460 | Lair:3   | Reached skill level 4 in Shields
 16786 | Lair:3   | Reached skill level 8 in Dodging
 16872 | Lair:3   | Found a staircase to the Shoals.
 16908 | Lair:3   | Killed Gastronok
 17442 | Lair:3   | Reached skill level 8 in Fighting
 17680 | Lair:4   | Noticed Rupert
 17707 | Lair:3   | Learned a level 5 spell: Fireball
 17777 | Lair:4   | Reached skill level 1 in Conjurations
 17777 | Lair:4   | Reached skill level 1 in Fire Magic
 18156 | Lair:4   | Found a snail-covered altar of Cheibriados.
 18322 | Lair:4   | Paralysed by Rupert for 2 turns
 18326 | Lair:4   | Killed Rupert
 18326 | Lair:4   | Reached skill level 2 in Conjurations
 18326 | Lair:4   | Reached skill level 2 in Fire Magic
 18692 | Lair:5   | Reached skill level 3 in Conjurations
 18692 | Lair:5   | Reached skill level 3 in Fire Magic
 18751 | Lair:5   | Found a frozen archway.
 18765 | IceCv    | Entered an ice cave
 19408 | IceCv    | Reached skill level 4 in Conjurations
 19409 | IceCv    | Reached skill level 4 in Fire Magic
 19793 | IceCv    | Found an ancient bone altar of Kikubaaqudgha.
 19913 | IceCv    | Reached XP level 14. HP: 110/115 MP: 8/26
 20640 | Lair:6   | Entered Level 6 of the Lair of Beasts
 21076 | Lair:6   | Reached skill level 5 in Conjurations
 21076 | Lair:6   | Reached skill level 5 in Fire Magic
 21077 | Lair:6   | Found a staircase to the Slime Pits.
 22283 | Lair:6   | Learned a level 3 spell: Conjure Flame
 22521 | Lair:6   | Reached skill level 6 in Conjurations
 22531 | Lair:6   | Reached skill level 6 in Fire Magic
 23467 | Lair:6   | Reached skill level 7 in Fire Magic
 23499 | Lair:6   | Reached skill level 7 in Conjurations
 25534 | D:14     | Reached skill level 8 in Conjurations
 25534 | D:14     | Reached skill level 8 in Fire Magic
 25535 | D:14     | Noticed Azrael
 25542 | D:14     | Killed Azrael
 26499 | D:14     | Reached skill level 9 in Conjurations
 26499 | D:14     | Reached skill level 9 in Fire Magic
 26685 | Orc:1    | Entered Level 1 of the Orcish Mines
 26834 | Orc:1    | Found a runed translucent door.
 26938 | Orc:1    | Reached XP level 15. HP: 101/121 MP: 28/28
 26994 | Orc:1    | Found the +10 large shield of Ignorance {rN+ Int-4}
 27010 | Orc:1    | Found a runed translucent door.
 27236 | Orc:1    | Reached skill level 5 in Shields
 27586 | Orc:2    | Entered Level 2 of the Orcish Mines
 27602 | Orc:2    | Found a roughly hewn altar of Beogh.
 27819 | Orc:2    | Noticed Erolcha
 27824 | Orc:2    | Killed Erolcha
 28687 | Orc:2    | Found a staircase to the Elven Halls.
 29190 | Orc:2    | Reached skill level 6 in Shields
 29511 | Orc:2    | Found Wemueteh's General Store.
 29511 | Orc:2    | Found Tarusary's Antique Armour Shoppe.
 29512 | Orc:2    | Found Huquur's Assorted Antiques.
 29516 | Orc:2    | Found Qinnomom's Book Emporium.
 30358 | Orc:1    | Gained mutation: You are partially covered in icy blue
                  | scales. (AC +2) [potion of mutation]
 30358 | Orc:1    | Gained mutation: You are resistant to hostile enchantments.
                  | (MR+) [potion of mutation]
 30358 | Orc:1    | Gained mutation: Your spells are a little harder to cast,
                  | but a little more powerful. [potion of mutation]
 30358 | Orc:1    | Gained mutation: You expend magic power (3 MP) to
                  | strengthen your wands. [potion of mutation]
 30400 | Orc:2    | Bought a book of the Earth for 1170 gold pieces
 30509 | Orc:2    | Learned a level 6 spell: Iron Shot
 30732 | Spider:1 | Entered Level 1 of the Spider Nest
 30966 | Spider:1 | Reached skill level 10 in Conjurations
 33225 | Spider:2 | Reached skill level 11 in Conjurations
 33302 | Spider:1 | Upgraded the game from 0.24-a0-274-gb3763e6d51 to
                  | 0.24-a0-275-g6f7e2cb4ba
 34523 | D:14     | Reached skill level 6 in Spellcasting
 34608 | D:14     | Found a gate to the Vaults.
 34787 | D:14     | Identified the cursed ring "Riwiesaurr" {Str-5 Int+4 Dex-3
                  | SInv}
 34863 | D:14     | Reached skill level 7 in Spellcasting
 35173 | D:14     | Learned a level 4 spell: Summon Lightning Spire
 35299 | D:14     | Found an opulent altar of Gozag.
 35385 | D:14     | Noticed a fire giant
 35391 | D:14     | Killed a fire giant
 35391 | D:14     | Reached skill level 1 in Summonings
 35391 | D:14     | Reached skill level 1 in Air Magic
 35618 | D:14     | Identified the Volume of Spatial Conjuration
 35623 | D:14     | Learned a level 2 spell: Blink
 35802 | D:15     | Entered Level 15 of the Dungeon
 35854 | D:15     | Reached skill level 2 in Summonings
 35854 | D:15     | Reached skill level 2 in Air Magic
 35884 | D:15     | Noticed Agnes
 35935 | D:15     | Reached skill level 1 in Translocations
 35935 | D:15     | Reached XP level 16. HP: 126/128 MP: 23/31
 36079 | D:15     | Found a staircase to the Depths.
 36311 | D:15     | Identified the +5 flail of Bifikadu {crush, Str+2 Int+3
                  | Stlth+}
 36313 | D:15     | Reached skill level 2 in Translocations
 36315 | D:15     | Reached skill level 3 in Summonings
 36315 | D:15     | Reached skill level 3 in Air Magic
 36320 | D:15     | Reached skill level 3 in Translocations
 36325 | D:15     | Reached skill level 4 in Summonings
 36325 | D:15     | Reached skill level 4 in Air Magic
 37118 | D:15     | Killed Agnes
 37823 | Spider:2 | Reached skill level 5 in Summonings
 37995 | Spider:2 | Reached skill level 5 in Air Magic
 38442 | Spider:1 | Learned a level 3 spell: Stone Arrow
 39195 | Spider:3 | Reached skill level 6 in Summonings
 39208 | Spider:2 | Reached skill level 6 in Air Magic
 39312 | Spider:3 | Reached skill level 1 in Maces & Flails
 39416 | Spider:3 | Reached skill level 2 in Maces & Flails
 39997 | Spider:3 | Reached skill level 3 in Maces & Flails
 40362 | Spider:3 | Reached skill level 4 in Maces & Flails
 40534 | Spider:4 | Entered Level 4 of the Spider Nest
 40772 | Spider:4 | Reached skill level 5 in Maces & Flails
 41497 | Spider:4 | Reached skill level 6 in Maces & Flails
 42297 | Spider:4 | Reached skill level 7 in Maces & Flails
 42954 | Spider:4 | Reached XP level 17. HP: 134/134 MP: 0/32
 43052 | Spider:4 | Reached skill level 8 in Maces & Flails
 44225 | Spider:4 | Reached skill level 9 in Maces & Flails
 46214 | Spider:4 | Reached skill level 10 in Maces & Flails
 46434 | Spider:4 | Got a gossamer rune of Zot
 46615 | Shoals:1 | Entered Level 1 of the Shoals
 47875 | Shoals:1 | Found a runed translucent gate.
 47876 | Shoals:1 | Found a runed translucent gate.
 47877 | Shoals:1 | Found a runed translucent gate.
 47898 | Shoals:1 | Noticed Iphiug Qeph's ghost (adept GrFi)
 48362 | Shoals:2 | Reached skill level 8 in Spellcasting
 49730 | Shoals:2 | Reached skill level 9 in Spellcasting
 51137 | Shoals:3 | Learned a level 6 spell: Statue Form
 51265 | Shoals:3 | Reached skill level 8 in Armour
 51484 | Shoals:4 | Entered Level 4 of the Shoals
 51547 | Shoals:4 | Got a fine war axe
 51553 | Shoals:4 | Identified the +2 war axe "Xeriepn" {chop, MR++ Str-4} (You
                  | found it on level 4 of the Shoals)
 52538 | Shoals:4 | Reached skill level 7 in Shields
 52748 | Shoals:4 | Got a barnacled rune of Zot
 52809 | Shoals:4 | Noticed Polyphemus
 52833 | Shoals:4 | Killed Polyphemus
 53234 | Shoals:4 | Reached XP level 18. HP: 143/143 MP: 24/37
 54689 | Vaults:1 | Entered Level 1 of the Vaults
 54711 | Vaults:1 | Reached skill level 9 in Dodging
 55152 | D:14     | Reached skill level 11 in Maces & Flails
 55573 | Vaults:1 | Identified the +9 mace of Visoit {crush, +Rage SInv}
 56287 | Vaults:1 | Reached skill level 9 in Fighting
 56300 | Vaults:1 | Reached skill level 9 in Armour
 56644 | Vaults:1 | Reached skill level 8 in Shields
 57328 | Vaults:1 | Learned a level 5 spell: Bolt of Magma
 57482 | Vaults:1 | You fall through a shaft!
 57556 | Vaults:2 | Noticed a bone dragon
 57557 | Vaults:2 | Found a staircase to the Crypt.
 57586 | Vaults:2 | Killed a bone dragon
 57586 | Vaults:2 | HP: 12/189 [yaktaur captain/bolt (25)]
 57590 | Vaults:2 | Shot with a bolt by a yaktaur captain

Levels and vault maps discovered:
D:1:      minmay_arrival_four_circles, layout_basic, roderic_filled_cross
D:2:      layout_rooms, dancing_weapons_uskayaw, tso_metal_star, uniq_robin
D:3:      layout_loops_ring, minitemple, zin_purify, uniq_terence, uniq_ijyb
D:4:      minmay_goblin_kobold_castle, layout_loops_corners,
          minmay_temple_entry_gardened_gates, minmay_starry_boxes
D:5:      layout_loops_cross, cheibrodos_ashenzari_chains,
          yredelemnul_altar_generic, first_ration, minmay_misc_feat_diagonals,
          uniq_menkaure, uniq_eustachio
D:6:      layout_rooms, minmay_fractal_squares_5
D:7:      layout_layer_cave, overflow_temple_1_default, old_standard_altar
D:8:      layout_rooms, lemuel_coloured_pillars_altar
D:9:      layout_stronghold, okawaru_altar_gauntlet_db, kb_xom_exploding_sheep,
          lair_entry_dummy, grunt_livestock, minmay_quadrilaterals,
          uniq_prince_ribbit1
D:10:     layout_cross, corexii_corridor_pit
D:11:     layout_basic, orc_0_dummy, gammafunk_ghost_berserking_beasts,
          kennysheep_generic_room_3
D:12:     layout_cave_pools, minivault_20
D:13:     layout_stronghold, serial_shops, shop, uniq_kirke
D:14:     minmay_concentric_multi, layout_long_grid,
          hangedman_vaults_entry_quadrant_bands, nicolae_gozag_seed_capital,
          uniq_azrael, uniq_louise
D:15:     grunt_enter_depths_giant_problem, layout_long_grid,
          hangedman_decor_lopped, moated_statue,
          minmay_the_grid_square_5x5_3x3_mashed
          [minmay_the_grid_square_5x5_eight, minmay_the_grid_square_5x5_slash,
          minmay_the_grid_square_5x5_minivault,
          minmay_the_grid_square_5x5_almost_minimal,
          minmay_the_grid_square_5x5_megaprize_crossed,
          minmay_the_grid_square_5x5_tri_point,
          minmay_the_grid_square_5x5_three_walls,
          minmay_the_grid_square_5x5_n_small, minmay_the_grid_square_5x5_two],
          uniq_agnes
Lair:1:   layout_hall_layers, gammafunk_ghost_berserking_beasts,
          fungi_pond_lemuel, grunt_megastairs_2, serial_bayou_shore_a,
          infiniplex_staircase_pool_2
Lair:2:   layout_misc_corridors, nicolae_spider_entry_tight_spaces,
          chequers_serial_rivers_marsh, serial_bayou_pond_a
Lair:3:   layout_cave_shapes, elwin_shoals_entry_stream,
          minmay_lair_oklob_chamber, lemuel_fruit_fields, uniq_gastronok
Lair:4:   layout_regular_city, basic_altar, uniq_rupert
Lair:5:   layout_roguey, portal_ice_cave_entry_pillars_2
Lair:6:   hangedman_lair_caniforms_friends, layout_regular_city,
          hangedman_lair_in_review, minmay_slime_entry_pillars,
          lemuel_fruit_tree
Shoals:1: layout_shoals, ebering_ghost_davey_jones
Shoals:2: layout_shoals
Shoals:3: layout_shoals
Shoals:4: shoals_end_simple, layout_shoals, nicolae_shoals_this_corrosion,
          uniq_polyphemus
Spider:1: layout_spider_delve, hive_lemuel
Spider:2: layout_spider_delve
Spider:3: layout_spider_delve, minivault_29
Spider:4: guppyfry_spider_rune, nicolae_spider_webs_and_nodes,
          nicolae_spider_stair_cavern
Orc:1:    layout_caves, nicolae_orc_flooded_monolith,
          chequers_guarded_unrand_ignorance
Orc:2:    st_orc_mages, layout_diamond_mine, basic_altar, uniq_erolcha
Vaults:1: vaults_mumra_hex, hangedman_vaults_variations,
          dpeg_vaults_monster_box, grunt_vaults_bifocal, v_alt_pattern_2,
          nicolae_vaults_asterisk, hangedman_vaults_locks,
          vaults_standard_mumra_x, hangedman_vaults_corner_blocks,
          vaults_dpeg_ring, layout_vaults_ring, serial_shops, shop
Vaults:2: nicolae_vaults_mini_display_case, v_misc_15,
          minmay_crypt_entry_nasty_monster, v_misc_22,
          nicolae_vaults_inception_scallops, kb_rosetta, v_misc_4,
          nicolae_vaults_shelves_hall, vaults_dpeg_encased_lava,
          nicolae_vaults_circle_grid_b, v_alt_pattern_5, nicolae_vaults_big_ls,
          nicolae_vaults_what_the_h, hangedman_vaults_stretched_pinwheel,
          hangedman_vaults_unwind, nicolae_vaults_little_squares_6,
          ontoclasm_vaults_twist, layout_vaults_omnibox

Skill      XL: |  1  2  3  4  5  6  7  8  9 10 11 12 13 14 15 16 17 18 |
---------------+-------------------------------------------------------+-----
Spellcasting   | 2 3 4 5 7 9 |  9.8
Earth Magic    | 3 4 5 7 9 12 14 15 | 15.5
Fighting       | 4 6 8 9 |  9.4
Armour         | 4 6 7 8 9 |  9.4
Dodging        | 4 7 8 9 |  9.6
Shields        | 2 4 6 7 8 |  8.2
Conjurations   | 4 9 11 | 11.8
Fire Magic     | 4 9 |  9.8
Summonings     | 2 6 |  6.1
Air Magic      | 2 6 |  6.0
Translocations | 1 3 |  3.0
Maces & Flails | 7 10 11 | 11.4
Stealth        | |  1.7
Transmutations | |  0.8

Action                   |  1- 3 |  4- 6 |  7- 9 | 10-12 | 13-15 | 16-18 || total
-------------------------+-------+-------+-------+-------+-------+-------++-------
Melee: Unarmed           |    14 |     6 |       |       |       |       ||    20
       Dagger            |       |    19 |     2 |       |       |       ||    21
       Whip              |       |       |       |    14 |       |       ||    14
       Scimitar          |       |       |       |    28 |    56 |       ||    84
       Staff             |       |       |       |       |   128 |   101 ||   229
       Flail             |       |       |       |       |       |   441 ||   441
       Mace              |       |       |       |       |       |    70 ||    70
 Cast: Sandblast         |    51 |   132 |   226 |   294 |   314 |   123 ||  1140
       Lee's Rapid Decon |       |       |     3 |    64 |   213 |    75 ||   355
       Stone Arrow       |       |       |       |       |   529 |   659 ||  1188
       Fireball          |       |       |       |       |    16 |    38 ||    54
       Iron Shot         |       |       |       |       |    58 |   123 ||   181
       Conjure Flame     |       |       |       |       |     1 |     1 ||     2
       Summon Lightning  |       |       |       |       |       |    54 ||    54
       Blink             |       |       |       |       |       |    11 ||    11
       Statue Form       |       |       |       |       |       |    19 ||    19
       Bolt of Magma     |       |       |       |       |       |     3 ||     3
 Abil: End Transformatio |       |       |       |       |       |     2 ||     2
       Evoke Berserk Rag |       |       |       |       |       |     1 ||     1
Evoke: Wand              |       |       |       |     3 |    17 |    15 ||    35
  Use: Scroll            |     4 |       |     3 |     9 |    19 |    26 ||    61
       Potion            |       |     2 |       |       |     8 |    17 ||    27
 Stab: Sleeping          |     1 |       |       |       |       |     1 ||     2
       Distracted        |       |       |       |       |       |     2 ||     2
  Eat: Chunk             |     1 |     8 |     9 |    23 |   135 |   157 ||   333
       Ration            |       |       |     1 |     4 |    31 |    22 ||    58
Armor: Robe              |     1 |     2 |       |       |       |       ||     3
       Skin              |       |     8 |       |       |       |   211 ||   219
       Leather armour    |       |     7 |    25 |    12 |       |       ||    44
       Ring mail         |       |       |       |    60 |   419 |   487 ||   966
Dodge: Dodged            |    25 |    59 |    69 |   114 |   716 |  1179 ||  2162
Block: Buckler           |       |       |       |       |   153 |   490 ||   643
       Reflection        |       |       |       |       |       |     3 ||     3
       Rpst.: Scimitar   |       |       |       |    17 |    14 |       ||    31

Table legend:
 A = Non-vault XP
 B = Vault XP
 C = Vault XP percentage of total XP
 D = Non-vault monster count
 E = Vault monster count
 F = Vault count percentage of total count
                 A         B        C        D         E       F
            +---------+---------+-------+---------+---------+-------
      Total |  236655 |  164988 |  41.1 |     881 |     528 |  37.5
            +---------+---------+-------+---------+---------+-------
        D:1 |      28 |       0 |   0.0 |      17 |       0 |   0.0
        D:2 |      93 |      28 |  23.1 |      20 |       8 |  28.6
        D:3 |      52 |      69 |  57.0 |      12 |       2 |  14.3
        D:4 |     282 |     558 |  66.4 |      21 |      59 |  73.8
        D:5 |     202 |     374 |  64.9 |      13 |       2 |  13.3
        D:6 |     157 |     124 |  44.1 |      10 |       3 |  23.1
        D:7 |    1281 |       0 |   0.0 |      31 |       0 |   0.0
        D:8 |     725 |       0 |   0.0 |      16 |       0 |   0.0
        D:9 |    1514 |    1518 |  50.1 |      19 |      14 |  42.4
       D:10 |    3713 |       0 |   0.0 |      34 |       0 |   0.0
       D:11 |    8374 |     199 |   2.3 |      45 |       1 |   2.2
       D:12 |    2950 |     986 |  25.1 |      17 |       2 |  10.5
       D:13 |    4510 |    4123 |  47.8 |      18 |       9 |  33.3
       D:14 |   23214 |   16633 |  41.7 |      54 |      46 |  46.0
       D:15 |    8494 |   13983 |  62.2 |      39 |      18 |  31.6
     Lair:1 |    2293 |     832 |  26.6 |      12 |       3 |  20.0
     Lair:2 |    6544 |    2753 |  29.6 |      21 |      10 |  32.3
     Lair:3 |    7787 |    8252 |  51.4 |      23 |      11 |  32.4
     Lair:4 |    3358 |    2900 |  46.3 |      12 |       1 |   7.7
     Lair:5 |    2655 |       0 |   0.0 |      10 |       0 |   0.0
     Lair:6 |    4550 |   22149 |  83.0 |      18 |      81 |  81.8
   Shoals:1 |   13187 |       0 |   0.0 |      32 |       0 |   0.0
   Shoals:2 |   16410 |       0 |   0.0 |      37 |       0 |   0.0
   Shoals:3 |   14321 |     943 |   6.2 |      36 |       2 |   5.3
   Shoals:4 |   11702 |   21625 |  64.9 |      24 |      35 |  59.3
   Spider:1 |   10097 |    3381 |  25.1 |      31 |      16 |  34.0
   Spider:2 |   19004 |    1306 |   6.4 |      48 |       1 |   2.0
   Spider:3 |   13971 |    6563 |  32.0 |      42 |      45 |  51.7
   Spider:4 |   18668 |   25918 |  58.1 |      51 |      40 |  44.0
      Orc:1 |    4341 |    2544 |  36.9 |      26 |       4 |  13.3
      Orc:2 |    5116 |    5651 |  52.5 |      47 |      39 |  45.3
   Vaults:1 |   25831 |   11676 |  31.1 |      37 |      21 |  36.2
   Vaults:2 |    1231 |    3497 |  74.0 |       8 |       1 |  11.1
      IceCv |       0 |    6403 | 100.0 |       0 |      54 | 100.0
            +---------+---------+-------+---------+---------+-------
